 Dungeon Crawl Stone Soup version 0.21-a0-531-gacddea6 (webtiles) character file.

7 Amnesiac the Vexing (level 1, -1/11 HPs)
             Began as a Deep Elf Arcane Marksman on Dec 12, 2017.
             Hit by a stone thrown by a kobold (2 damage)
             ... on level 1 of the Dungeon.
             The game lasted 00:00:22 (59 turns).

Amnesiac the Vexing (Deep Elf Arcane Marksman)        Turns: 59, Time: 00:00:22

Health: -1/11      AC:  2    Str:  7    XL:     1   Next: 83%
Magic:  1/5        EV: 13    Int: 17    God:
Gold:   0          SH:  0    Dex: 15    Spells: 2/3 levels left

rFire    . . .     SeeInvis .   a - +0 shortbow
rCold    . . .     Gourm    .   (shield currently unavailable)
rNeg     . . .     Faith    .   e - +0 robe
rPois    .         Spirit   .   (no helmet)
rElec    .         Reflect  .   (no cloak)
rCorr    .         Harm     .   (no gloves)
MR       .....                  (no boots)
Stlth    +.........             (no amulet)
HPRegen  0.03/turn              (no ring)
MPRegen  0.09/turn              (no ring)

@: no status effects
A: no striking features
a: no special abilities


You were on level 1 of the Dungeon.
You were not hungry.

You visited 1 branch of the dungeon, and saw 1 of its levels.

Inventory:

Hand Weapons
 a - a +0 shortbow (weapon)
Missiles
 d - 6 arrows (quivered)
Armour
 e - a +0 robe (worn)
Books
 c - a book of Debilitation

   Spells                             Type                      Level
   a - Corona                         Hexes                        1
   b - Slow                           Hexes                        2
   c - Inner Flame                    Hexes/Fire                   3
   d - Portal Projectile              Hexes/Translocation          3
   e - Cause Fear                     Hexes                        4
   f - Leda's Liquefaction            Hexes/Earth                  4
Comestibles
 f - a bread ration


   Skills:
 + Level 0.9 Fighting
 * Level 2.4 Bows
 + Level 2.5 Dodging
 + Level 1.7 Spellcasting
 * Level 4.2 Hexes


You had 2 spell levels left.
You knew the following spells:

 Your Spells              Type           Power        Failure   Level  Hunger
a - Corona                Hex            ###....      3%          1    ##.....


Dungeon Overview and Level Annotations

Branches:
Dungeon (1/15)

Altars:


Message History

Confirm with . or Enter, or press ? or * to list all spells.
Aiming: Corona
Press: ? - help, Shift-Dir - straight line, f - kobold
Aim: a kobold, wielding a short sword (chance to defeat MR: 69%)
The kobold is outlined in light.
The kobold closely misses you.
Firing (i - inventory):
d - 13 arrows (quivered)
Press: ? - help, Shift-Dir - straight line, f/p - kobold
Aim: a kobold, wielding a short sword (softly glowing)
You shoot an arrow. The arrow hits the kobold.
The kobold is heavily wounded.
The kobold hits you but does no damage.
A jackal comes into view.
Firing (i - inventory):
d - 12 arrows (quivered)
Press: ? - help, Shift-Dir - straight line, f/p - kobold
Aim: a kobold, wielding a short sword (heavily wounded, softly glowing)
You shoot an arrow. The arrow barely misses the kobold.
The arrow closely misses the hobgoblin.
The arrow barely misses the kobold.
The jackal moves out of view.
The kobold hits you but does no damage.
Firing (i - inventory):
d - 11 arrows (quivered)
Press: ? - help, Shift-Dir - straight line, f/p - kobold
Aim: a kobold, wielding a short sword (heavily wounded, softly glowing)
You shoot an arrow. The arrow hits the kobold.
You kill the kobold!
The hobgoblin misses you.
Casting: Corona
Confirm with . or Enter, or press ? or * to list all spells.
Aiming: Corona
Press: ? - help, Shift-Dir - straight line, f - hobgoblin
Aim: a hobgoblin (chance to defeat MR: 69%)
The hobgoblin is outlined in light.
The hobgoblin misses you.
Firing (i - inventory):
d - 10 arrows (quivered)
Press: ? - help, Shift-Dir - straight line, f/p - hobgoblin
Aim: a hobgoblin (softly glowing)
You shoot an arrow. The arrow barely misses the hobgoblin.
The arrow closely misses the kobold.
The arrow closely misses the jackal.
The hobgoblin closely misses you.
Firing (i - inventory):
d - 9 arrows (quivered)
Press: ? - help, Shift-Dir - straight line, f/p - hobgoblin
Aim: a hobgoblin (softly glowing)
You shoot an arrow. The arrow hits the hobgoblin.
The hobgoblin is lightly wounded.
The hobgoblin hits you.
* * * LOW HITPOINT WARNING * * *
You are too injured to fight recklessly!
Firing (i - inventory):
d - 8 arrows (quivered)
Press: ? - help, Shift-Dir - straight line, f/p - hobgoblin
Aim: a hobgoblin (lightly wounded, softly glowing)
You shoot an arrow.
The arrow hits the hobgoblin but does no damage.
The hobgoblin is lightly wounded.
The hobgoblin closely misses you.
Firing (i - inventory):
d - 7 arrows (quivered)
Press: ? - help, Shift-Dir - straight line, f/p - hobgoblin
Aim: a hobgoblin (lightly wounded, softly glowing)
You shoot an arrow. The arrow hits the hobgoblin!
You kill the hobgoblin!
The kobold throws a stone.
The stone closely misses you.
Casting: Corona
Confirm with . or Enter, or press ? or * to list all spells.
Aiming: Corona
Press: ? - help, Shift-Dir - straight line, f - kobold
Aim: a kobold, wielding a dagger (chance to defeat MR: 69%)
The kobold is outlined in light.
The kobold throws a stone.
The stone hits you.
You die...

#.# #.# .(.
... # #.#
#.# #....(..
#.#.#.#.#.#
#.(h.......
#K# #)#
##########@#
.........#.#
#####....#
#.......(#
#.###...##
#.# ##.##
#.# #.# #.#
#.# #.# #.#


You could see a jackal and a kobold.

Vanquished Creatures
  A goblin (D:1)
  A hobgoblin (D:1)
  2 jackals (D:1)
  A kobold (D:1)
5 creatures vanquished.

Notes
Turn   | Place    | Note
-------+----------+-------------------------------------------
     0 | D:1      | Amnesiac the Deep Elf Arcane Marksman began the quest for the Orb.
     0 | D:1      | Reached XP level 1. HP: 11/11 MP: 5/5
    59 | D:1      | Hit by a stone thrown by a kobold

Vault maps used:
D:1:      lightli_arrival_statuegarden, st_stairs_11, minmay_lizard_king

Action                   || total
-------------------------++-------
 Fire: Shortbow          ||    14
 Cast: Corona            ||     6
Armor: Robe              ||     1
Dodge: Dodged            ||    12

Table legend:
 A = Spawn XP
 B = Non-spawn XP
 C = Spawn XP percentage of total XP
 D = Spawn monster count
 E = Non-spawn monster count
 F = Spawn count percentage of total count
 G = Total turns spent on level
                    A         B        C        D         E        F      G
               +---------+---------+-------+---------+---------+-------+---------
         Total |       0 |      10 |   0.0 |       0 |       5 |   0.0 |    59
               +---------+---------+-------+---------+---------+-------+---------
           D:1 |       0 |      10 |   0.0 |       0 |       5 |   0.0 |    59
               +---------+---------+-------+---------+---------+-------+---------
